 Dungeon Crawl Stone Soup version 0.28-a0-245-g639a1a48b9 (webtiles) character file.

Game seed: 6882628599499268069

42 graki42 the Firebug (level 3, -8/19 HPs)
             Began as a Deep Elf Fire Elementalist on Aug 24, 2021.
             Mangled by an ogre (27 damage)
             ... on level 2 of the Dungeon.
             The game lasted 00:03:39 (1368 turns).

graki42 the Firebug (Deep Elf Fire Elementalist)    Turns: 1368, Time: 00:03:44

Health: -8/19      AC:  2    Str:  6    XL:     3   Next: 33%
Magic:  8/10       EV: 13    Int: 19    God:
Gold:   41         SH:  0    Dex: 15    Spells: 2/9 levels left

rFire   . . .      SeeInvis .   (no weapon)
rCold   . . .      Faith    .   (no shield)
rNeg    . . .      Spirit   .   a - +0 robe
rPois   .          Reflect  .   (no helmet)
rElec   .          Harm     .   (no cloak)
rCorr   .          Rampage  .   (no gloves)
Will    .....                   (no boots)
Stlth   ++........              (no amulet)
HPRegen 0.06/turn               (no ring)
MPRegen 0.12/turn               (no ring)

@: no status effects
A: no striking features
a: no special abilities


You were on level 2 of the Dungeon.
You visited 1 branch of the dungeon, and saw 2 of its levels.

You collected 41 gold pieces.

Inventory:

Armour
 a - a +0 robe (worn)
Scrolls
 b - a scroll of enchant armour {unknown}
 e - a scroll of amnesia {unknown}
Potions
 c - a potion of haste {unknown}
 d - a potion of degeneration {unknown}
 f - a potion of brilliance {unknown}


   Skills:
 + Level 2.7 Dodging
 + Level 2.9 Stealth
 + Level 3.5 Spellcasting
 + Level 1.4 Conjurations
 + Level 4.1 Fire Magic


You had 2 spell levels left.
You knew the following spells:

 Your Spells              Type           Power      Damage    Failure   Level
a - Foxfire               Conj/Fire      52%        2x1d6     4%          1
b - Conjure Flame         Conj/Fire      13%        6-21      14%         3
c - Inner Flame           Hex/Fire       11%        N/A       19%         3

Your spell library contained the following spells:

 Spells                   Type           Power      Damage    Failure   Level
 Sticky Flame             Conj/Fire      13%        2d4       43%         4
 Fireball                 Conj/Fire      6%         3d5       78%         5


Dungeon Overview and Level Annotations

Branches:
Dungeon (2/15)

Altars:


Message History

Your foxfire dissipates!
The foxfire hits the worm.
The worm is severely wounded.
The foxfire hits the worm.
The worm is almost dead.
The foxfire hits the worm.
You kill the worm!
Your foxfire dissipates!
An ogre comes into view. It is wielding a +0 giant club.
This spell is extremely dangerous to cast!
Memorise Conjure Flame, consuming 3 spell levels and leaving 5?
You start memorising the spell.
You continue memorising. x3
You finish memorising.
Spell assigned to 'b'.
This spell is extremely dangerous to cast!
Memorise Inner Flame, consuming 3 spell levels and leaving 2?
You start memorising the spell.
You continue memorising. x3
You finish memorising.
Spell assigned to 'c'.
Casting: Foxfire (safe; 4% risk of failure)
Confirm with . or Enter, or press ? or * to list all spells.
You conjure some foxfire!
Casting: Foxfire (safe; 4% risk of failure)
Confirm with . or Enter, or press ? or * to list all spells.
Okay, then.
Your foxfire dissipates!
You start resting.
Your foxfire dissipates!
You start resting.
Magic restored.
The ogre shouts!
You hear an angry hiss.
Casting: Foxfire (safe; 4% risk of failure)
Confirm with . or Enter, or press ? or * to list all spells.
You conjure some foxfire!
A ball python comes into view.
Casting: Foxfire (safe; 4% risk of failure)
Confirm with . or Enter, or press ? or * to list all spells.
You conjure some foxfire!
The foxfire hits the ogre.
The ogre is moderately wounded.
The ogre hits you with a +0 giant club!!
Ouch! That really hurt!
You die...

#..............รท......
######.##.###..#####.#
.#######.##.# #..# #.#
.........##.###..# #.#
#######..##......# #.#
#..#######.# #.#
#######..#######.# #..
#......vv.....##.# ###
#.#####@v####.##.# ##
#.O# .# .. #.... .# .#
#.#### ## S.. ###


You could see an ogre (ally target) and a ball python.

Vanquished Creatures
  An adder (D:2)
  2 worms (D:2)
  A dart slug (D:1)
  2 bats (D:2)
  2 endoplasms (D:1)
  A giant cockroach (D:1)
  2 goblins
  2 kobolds (D:1)
  2 quokkas (D:1)
  A ball python (D:1)
  4 frilled lizards
  6 rats
26 creatures vanquished.

Vanquished Creatures (others)
  88 foxfires
88 creatures vanquished.

Grand Total: 114 creatures vanquished

Notes
Turn   | Place    | Note
-------+----------+-------------------------------------------
     0 | D:1      | graki42 the Deep Elf Fire Elementalist began the quest for
                  | the Orb.
     0 | D:1      | Reached XP level 1. HP: 10/10 MP: 6/6
   217 | D:1      | Reached XP level 2. HP: 11/15 MP: 2/8
   735 | D:2      | Reached skill level 4 in Fire Magic
   954 | D:2      | Reached XP level 3. HP: 19/19 MP: 7/9
  1346 | D:2      | Noticed an ogre
  1352 | D:2      | Learned a level 3 spell: Conjure Flame
  1356 | D:2      | Learned a level 3 spell: Inner Flame
  1368 | D:2      | Mangled by an ogre

Illustrated notes

Levels and vault maps discovered:
D:1:      giann_wishing_wells, layout_rooms
D:2:      layout_loops_ring, fountainhead, minmay_pentomino_p2, uniq_terence

Skill      XL: |  1  2 |
---------------+-------+-----
Fire Magic     | 4 |  4.1
Dodging        | |  2.7
Stealth        | |  2.9
Spellcasting   | |  3.5
Conjurations   | |  1.4

Action                   || total
-------------------------++-------
Melee: Unarmed           ||     1
 Cast: Foxfire           ||    55
Dodge: Dodged            ||     6

Table legend: (Time is in decaauts)
 A = Elapsed time spent in this place.
 B = Non-inter-level travel time spent in this place.
 C = Inter-level travel time spent in this place.
 D = Time resting spent in this place.
 E = Time spent auto-exploring this place.
 F = Levels seen in this place.
 G = Mean time per level.
                   A        B        C        D        E       F      G
               +--------+--------+--------+--------+--------+-----+--------+
         Total |   1368 |   1361 |      7 |      6 |   1167 |   2 |  684.0 |
       Dungeon |   1368 |   1361 |      7 |      6 |   1167 |   2 |  684.0 |
               +--------+--------+--------+--------+--------+-----+--------+

Top non-repeatable levels by time:
     D:1: 728 daAuts
     D:2: 640 daAuts
